 Dungeon Crawl Stone Soup version 0.28.0-43-g3370ac3207 (webtiles) character file.

Game seed: 4222804290792882466

77 spiecas the Poker (level 4, -4/34 HPs)
             Began as a Merfolk Gladiator on Mar 3, 2022.
             Slain by Ijyb
             ... wielding a +3 dagger of speed
              (7 damage)
             ... on level 3 of the Dungeon.
             The game lasted 00:13:04 (3091 turns).

spiecas the Poker (Merfolk Gladiator)               Turns: 3091, Time: 00:13:05

Health: -4/34      AC:  4    Str: 13 (14) XL:     4   Next: 33%
Magic:  4/4        EV: 13    Int:  5 (9)  God:
Gold:   53         SH:  0    Dex: 14 (17) Spells: 3/3 levels left

rFire   . . .      SeeInvis .   a - +1 trident
rCold   . . .      Faith    .   (no shield)
rNeg    . . .      Spirit   .   b - +0 leather armour
rPois   +          Reflect  .   c - +0 helmet
rElec   .          Harm     .   (no cloak)
rCorr   .          Rampage  .   (no gloves)
Will    .....                   (no boots)
Stlth   +.........              (no amulet)
HPRegen 0.11/turn               n - ring of poison resistance
MPRegen 0.09/turn               (no ring)

@: no status effects
A: (nimble swimmer 2), mertail, clever 1, deterioration 1
a: no special abilities


You were on level 3 of the Dungeon.
You visited 1 branch of the dungeon, and saw 3 of its levels.

You collected 53 gold pieces.

Inventory:

Hand Weapons
 a - a +1 trident (weapon)
 e - a +0 short sword
Missiles
 d - 4 throwing nets
 f - 4 poisoned darts (quivered)
Armour
 b - a +0 leather armour (worn)
 c - a +0 helmet (worn)
 h - a scarf of shadows
Jewellery
 n - a ring of poison resistance (left hand)
Scrolls
 g - 2 scrolls of magic mapping
Potions
 i - a potion of brilliance


   Skills:
 + Level 2.5 Fighting
 + Level 2.1 Short Blades
 + Level 5.3 Polearms
 + Level 2.1 Throwing
 + Level 0.8 Armour
 + Level 4.3 Dodging
 * Level 0.4 Stealth


You had 3 spell levels left.
You didn't know any spells.
Your spell library was empty.

Dungeon Overview and Level Annotations

Branches:
Dungeon (3/15)

Altars:

Shops:
D:2 [   D:3 *

Annotations:
D:3 Ijyb


Innate Abilities, Weirdness & Mutations

((You are very nimble when in or above water. (Stealth+, EV+, Speed+++)))
Your lower body shifts to a powerful aquatic tail in water.
Your mind is acute. (Int +2)
Your body sometimes deteriorates upon taking damage.


Message History

You hit Ijyb but do no damage.
Ijyb is severely wounded.
Ijyb barely misses you.
You closely miss Ijyb.
Ijyb is severely wounded.
Ijyb hits you but does no damage. x2
You hit Ijyb but do no damage.
Ijyb is severely wounded.
Ijyb hits you with a +3 dagger of speed.
* * * LOW HITPOINT WARNING * * *
Ijyb hits you but does no damage.
You closely miss Ijyb.
Ijyb is severely wounded.
Ijyb hits you but does no damage.
You hit Ijyb but do no damage. You punch Ijyb, but do no damage.
Ijyb is severely wounded.
Ijyb hits you but does no damage. x2
You barely miss Ijyb.
Ijyb is severely wounded.
Ijyb hits you with a +3 dagger of speed.
* * * LOW HITPOINT WARNING * * *
You hit Ijyb but do no damage.
Ijyb is severely wounded.
Ijyb hits you with a +3 dagger of speed.
* * * LOW HITPOINT WARNING * * *
You hit Ijyb.
Ijyb is severely wounded.
Ijyb hits you but does no damage.
Ijyb hits you with a +3 dagger of speed.
* * * LOW HITPOINT WARNING * * *
You barely miss Ijyb.
Ijyb is severely wounded.
You feel less wooden.
Your +0 helmet unmelds from your body.
Your +0 leather armour unmelds from your body.
Ijyb closely misses you. Ijyb barely misses you.
You hit Ijyb but do no damage.
Ijyb is severely wounded.
Ijyb hits you with a +3 dagger of speed!
You die...

#####.#### #..# #.# ##.# #####
#.##### #.##### ....# #.#...#
#...... .##.# #.#...### #..####
#.#g########### #.......###..##..
#.....#......###...............#
#.#.#....####>.##g......###..####
.##.#....#......@.....###....####
....#.....†.....##....# #........
.#..............##.#### #...###.#
.#............#....# ###...# #.#
##..........<###...# #.....# #.#
##.##....###.####..# #+#...# #..
...#.....# #.......####.#...###..
####.....#####.##.....#.#........
# #.......####.......#<#........


You could see Ijyb.

Vanquished Creatures
  A gnoll (D:2)
  2 adders
  A worm (D:3)
  3 dart slugs
  5 endoplasms
  2 goblins
  2 hobgoblins
  2 jackals (D:1)
  A quokka (D:1)
  3 ball pythons
  7 bats
  5 frilled lizards
  4 kobolds
  4 rats
42 creatures vanquished.

Notes
Turn   | Place    | Note
-------+----------+-------------------------------------------
     0 | D:1      | spiecas the Merfolk Gladiator began the quest for the Orb.
     0 | D:1      | Reached XP level 1. HP: 16/16 MP: 1/1
   305 | D:1      | Reached XP level 2. HP: 22/22 MP: 2/2
   423 | D:1      | Reached skill level 5 in Polearms
  1199 | D:2      | Found Usaoklua's Armour Shop.
  1205 | D:2      | Reached XP level 3. HP: 19/28 MP: 3/3
  1553 | D:2      | Reached skill level 1 in Short Blades
  2460 | D:3      | Reached XP level 4. HP: 34/34 MP: 4/4
  2491 | D:3      | Noticed Ijyb
  2735 | D:3      | Found Owiq's Assorted Antiques.
  2999 | D:3      | Gained mutation: Your body sometimes deteriorates upon
                  | taking damage. [potion of mutation]
  2999 | D:3      | Gained mutation: Your mind is acute. (Int +2) [potion of
                  | mutation]
  3091 | D:3      | Slain by Ijyb

Illustrated notes

Levels and vault maps discovered:
D:1:      dpeg_arrival_shelter, layout_basic
D:2:      layout_basic, serial_shops, shop_fountains, kennysheep_nondescript
D:3:      layout_loops_cross, serial_shops, nicolae_shop_hallway_stairs,
          chequers_jeans, uniq_terence, uniq_ijyb

Skill      XL: |  1  2  3 |
---------------+----------+-----
Polearms       | 5 |  5.3
Short Blades   | 2 |  2.1
Fighting       | |  2.5
Throwing       | |  2.1
Armour         | |  0.8
Dodging        | |  4.3
Stealth        | |  0.4

Action                   |  1- 3 |  4- 6 || total
-------------------------+-------+-------++-------
Melee: Trident           |    83 |    69 ||   152
       Punch             |     2 |     1 ||     3
       Short sword       |    44 |       ||    44
  Use: Scroll            |     4 |     1 ||     5
       Potion            |       |    10 ||    10
 Stab: Sleeping          |     1 |       ||     1
Armor: Leather armour    |    32 |     7 ||    39
       Skin              |       |    36 ||    36
Dodge: Dodged            |    99 |    37 ||   136
